 Dungeon Crawl Stone Soup version 0.21-a0-538-gd16b88a (webtiles) character file.

638 tidbits the Grave Robber (level 7, -3/51 HPs)
             Began as a Gnoll Necromancer on Dec 16, 2017.
             Shot with an arrow by a centaur (10 damage)
             ... on level 6 of the Dungeon.
             The game lasted 00:13:58 (1676 turns).

tidbits the Grave Robber (Gnoll Necromancer)        Turns: 1676, Time: 00:13:59

Health: -3/51      AC:  2    Str:  9 (11) XL:     7   Next: 50%
Magic:  10/15      EV: 15    Int: 19      God:
Gold:   135        SH:  0    Dex: 14 (15) Spells: 1/17 levels left

rFire    . . .     SeeInvis .   D - +0 hand axe (curse)
rCold    . . .     Gourm    .   (no shield)
rNeg     . . .     Faith    .   a - +0 robe
rPois    .         Spirit   .   (no helmet)
rElec    .         Reflect  .   (no cloak)
rCorr    .         Harm     .   (no gloves)
MR       +....                  (no boots)
Stlth    +++.......             (no amulet)
HPRegen  0.17/turn              j - ring of protection from magic
MPRegen  0.14/turn              (no ring)

@: no status effects
A: distributed training, fangs 1, strong nose
a: no special abilities


You were on level 6 of the Dungeon.
You were very hungry.

You visited 1 branch of the dungeon, and saw 6 of its levels.
You also visited: Sewer.

You collected 135 gold pieces.

Inventory:

Hand Weapons
 e - a cursed -3 dagger
 f - a +0 whip
 q - a +0 hunting sling
 y - a +0 scythe
 A - a +0 long sword
 D - a cursed +0 hand axe (weapon)
Missiles
 h - 66 arrows
 i - 13 poisoned needles
 k - 5 needles of frenzy
 s - 72 stones (quivered)
 v - 4 needles of paralysis
 w - 6 tomahawks
Armour
 a - a +0 robe (worn)
Jewellery
 j - a ring of protection from magic (left hand)
   (You found it on level 3 of the Dungeon)
Scrolls
 m - a scroll of enchant armour {unknown}
 n - a scroll of magic mapping {unknown}
 r - 2 scrolls of remove curse
 t - a scroll of fog {unknown}
 B - a scroll of teleportation
 C - 2 scrolls of immolation {unknown}
 E - a scroll of fear {unknown}
Potions
 d - 5 potions of curing
 g - a potion of ambrosia {unknown}
 o - 3 potions of heal wounds {unknown}
 p - 2 potions of flight
 u - a potion of degeneration
 x - 2 potions of berserk rage
 z - a potion of might
Books
 b - a book of Necromancy

   Spells                             Type                      Level
   a - Pain                           Necromancy                   1
   b - Animate Skeleton               Necromancy                   1
   c - Vampiric Draining              Necromancy                   3
   d - Regeneration                   Charms/Necromancy            3
   e - Animate Dead                   Necromancy                   4
   f - Control Undead                 Necromancy                   4
Comestibles
 c - 2 bread rations
 l - 2 meat rations


   Skills:
 + Level 2.5 Fighting
 + Level 2.5 Short Blades
 + Level 2.5 Long Blades
 + Level 2.5 Axes
 + Level 2.5 Maces & Flails
 + Level 2.5 Polearms
 + Level 2.5 Staves
 + Level 2.5 Slings
 + Level 2.5 Bows
 + Level 2.5 Crossbows
 + Level 2.5 Throwing
 + Level 2.5 Armour
 + Level 5.2 Dodging
 + Level 4.9 Stealth
 + Level 2.5 Shields
 + Level 2.5 Unarmed Combat
 + Level 5.6 Spellcasting
 + Level 2.0 Conjurations
 + Level 2.0 Hexes
 + Level 2.0 Charms
 + Level 2.0 Summonings
 + Level 7.4 Necromancy
 + Level 2.0 Translocations
 + Level 2.0 Transmutations
 + Level 2.0 Fire Magic
 + Level 2.0 Ice Magic
 + Level 2.0 Air Magic
 + Level 2.0 Earth Magic
 + Level 2.0 Poison Magic
 + Level 2.7 Invocations
 + Level 2.5 Evocations


You had one spell level left.
You knew the following spells:

 Your Spells              Type           Power        Failure   Level  Hunger
a - Pain                  Necr           ####         1%          1    None
n - Animate Skeleton      Necr           N/A          1%          1    None
r - Regeneration          Chrm/Necr      ###.......   4%          3    ##.....
u - Control Undead        Necr           ####......   5%          4    ####...
v - Vampiric Draining     Necr           ####......   1%          3    ##.....
N - Animate Dead          Necr           N/A          5%          4    ####...


Dungeon Overview and Level Annotations

Branches:
Dungeon (6/15)
 Temple: D:4-7

Altars:
Fedhas
Gozag
Kikubaaqudgha
Okawaru
Vehumet
Xom
Yredelemnul

Shops:
D:3 *

Annotations:
D:4 Natasha
D:5 Edmund


Innate Abilities, Weirdness & Mutations

Your experience applies equally to all skills.
You have very sharp teeth.
Your uncanny sense of smell can sniff out nearby items.


Message History

Edmund the Younger comes into view.
He is wielding a flail of holy wrath.
Found 12 gold pieces.
Found a glowing hand axe.
Found a stone staircase leading up.
Found 19 stones.
Found a scroll labeled HUKLAJETTI.
Found a stone staircase leading down.
You see here a glowing hand axe.
D - a glowing hand axe Wield which item (- for none, * to show all)? (? for menu, Esc to quit)
It sticks to your hand!
D - a cursed +0 hand axe (weapon)
You see here 19 stones.
s - 72 stones (gained 19)
You see here a scroll labeled HUKLAJETTI.
C - 2 scrolls labeled HUKLAJETTI (gained 1)
There is a stone staircase leading down here.
You climb downwards.
A leopard gecko zombie comes into view.
Found 19 arrows, a scroll labeled UHINGI IWIHYR and a falchion.
There is a stone staircase leading up here.
Found a hand axe.
You see here 19 arrows.
h - 66 arrows (gained 19)
Found a potion of berserk rage.
You see here a scroll labeled UHINGI IWIHYR.
E - a scroll labeled UHINGI IWIHYR Something unseen opens the door.
A bullfrog comes into view.
Found 16 gold pieces.
A crimson imp comes into view.
Found a glaive.
You see here a potion of berserk rage.
x - 2 potions of berserk rage (gained 1)
Casting: Pain
Confirm with . or Enter, or press ? or * to list all spells.
Your leopard gecko zombie submits to your will.
The bullfrog misses you. The bullfrog closely misses you.
You hit the bullfrog.
The bullfrog is moderately wounded.
The bullfrog closely misses you.
Your leopard gecko zombie misses the bullfrog.
The bullfrog closely misses you.
Your leopard gecko zombie misses the bullfrog.
You closely miss the bullfrog. Your punch misses the bullfrog.
You bite the bullfrog, but do no damage.
The bullfrog is moderately wounded.
The bullfrog hits you.
Your leopard gecko zombie barely misses the bullfrog.
The bullfrog hits you.
You slash the bullfrog!
You bite the bullfrog, but do no damage.
The bullfrog is heavily wounded.
The bullfrog closely misses you.
Your leopard gecko zombie bites the bullfrog.
Casting: Control Undead
Confirm with . or Enter, or press ? or * to list all spells.
Aiming: Pain
Press: ? - help, Shift-Dir - straight line, f - bullfrog
Aim: a bullfrog (severely wounded, chance to defeat MR: 84%)
The bullfrog writhes in agony!
You kill the bullfrog!
You feel your intelligence returning.
Your Conjurations skill increases to level 2!
Your Hexes skill increases to level 2!
Your Charms skill increases to level 2!
Your Summonings skill increases to level 2!
Your Translocations skill increases to level 2!
Your Transmutations skill increases to level 2!
Your Fire Magic skill increases to level 2!
Your Ice Magic skill increases to level 2!
Your Air Magic skill increases to level 2!
Your Earth Magic skill increases to level 2!
Your Poison Magic skill increases to level 2!
A gnoll and a centaur come into view.
The gnoll moves out of view.
A gnoll comes into view. It is wielding a flail.
The gnoll moves out of view.
The centaur shouts!
The gnoll shouts!
You hear a shout!
The centaur wields a shortbow.
The centaur shoots an arrow.
The arrow misses you.
The arrow hits your leopard gecko zombie.
The centaur shoots an arrow.
The arrow hits you but does no damage.
You see here an arrow.
The centaur shoots an arrow.
The arrow hits you!
You see here an arrow.
The centaur shoots an arrow.
The arrow hits you.
Casting: Pain
Confirm with . or Enter, or press ? or * to list all spells.
Aiming: Pain
Press: ? - help, Shift-Dir - straight line, f - centaur
Aim: a centaur, wielding a shortbow (chance to defeat MR: 84%)
The centaur writhes in agony!
The centaur shoots an arrow.
The arrow hits you!
* * * LOW HITPOINT WARNING * * *
The centaur shoots an arrow.
The arrow hits you!
* * * LOW HITPOINT WARNING * * *
Casting: Pain
Confirm with . or Enter, or press ? or * to list all spells.
Aiming: Pain
Press: ? - help, Shift-Dir - straight line, f/p - centaur
Aim: a centaur, wielding a shortbow (moderately wounded, chance to defeat MR: 84%)
The centaur barely resists.
The centaur shoots an arrow.
The arrow hits you!
You die...

#........ #........
#........ # ....).###..
#........ .+......+ ....
+.c...... .#......# #..
#..g..... .#......#
#.###........
.#......#####.$..(..g....
.#......#.......@Z####...
..................#
................(.+
..................#
.<...............#.....
..........#.#.#.+#.####
...................#
........).#.#.#....#
.5.............)...#


You could see a centaur, 2 gnolls and a friendly leopard gecko zombie.

Vanquished Creatures
  Sigmund (D:4)
  The ghost of theanonym the Chopper, an amateur HOMo (Sewer)
  A big kobold (Sewer)
  A bullfrog (D:6)
  A wyvern skeleton (D:3)
  2 orc priests
  A worker ant (D:4)
  6 adders
  2 river rats (Sewer)
  A worm (D:5)
  A dart slug (D:4)
  A leopard gecko (D:3)
  10 orcs
  3 ball pythons
  2 giant cockroaches
  2 gnoll zombies (D:2)
  8 goblins
  5 hobgoblins
  3 jackals
  10 kobolds
  2 quokkas (D:3)
  6 bats
  2 frilled lizards
  6 rats
78 creatures vanquished.

Vanquished Creatures (collateral kills)
  An adder (D:3)
  A worm (D:3)
  A leopard gecko (D:3)
  A rat (D:3)
4 creatures vanquished.

Grand Total: 82 creatures vanquished

Notes
Turn   | Place    | Note
-------+----------+-------------------------------------------
     0 | D:1      | tidbits the Gnoll Necromancer began the quest for the Orb.
     0 | D:1      | Reached XP level 1. HP: 13/13 MP: 6/6
     2 | D:1      | Learned a level 1 spell: Animate Skeleton
   189 | D:1      | Reached XP level 2. HP: 14/19 MP: 3/7
   350 | D:2      | Found a radiant altar of Vehumet.
   414 | D:2      | Reached XP level 3. HP: 20/25 MP: 5/9
   419 | D:2      | Learned a level 3 spell: Vampiric Draining
   427 | D:2      | Learned a level 3 spell: Regeneration
   440 | D:2      | Reached skill level 5 in Spellcasting
   593 | D:2      | Found a basalt altar of Yredelemnul.
   618 | D:2      | Reached skill level 1 in Invocations
   634 | D:2      | Reached skill level 1 in Fighting
   634 | D:2      | Reached skill level 1 in Short Blades
   634 | D:2      | Reached skill level 1 in Long Blades
   634 | D:2      | Reached skill level 1 in Axes
   634 | D:2      | Reached skill level 1 in Maces & Flails
   634 | D:2      | Reached skill level 1 in Polearms
   634 | D:2      | Reached skill level 1 in Staves
   634 | D:2      | Reached skill level 1 in Slings
   634 | D:2      | Reached skill level 1 in Bows
   634 | D:2      | Reached skill level 1 in Crossbows
   634 | D:2      | Reached skill level 1 in Throwing
   634 | D:2      | Reached skill level 1 in Armour
   634 | D:2      | Reached skill level 1 in Shields
   634 | D:2      | Reached skill level 1 in Unarmed Combat
   634 | D:2      | Reached skill level 1 in Evocations
   646 | D:2      | Reached XP level 4. HP: 18/32 MP: 6/11
   820 | D:4      | Noticed Sigmund
   827 | D:4      | Killed Sigmund
   827 | D:4      | Reached skill level 1 in Conjurations
   827 | D:4      | Reached skill level 1 in Hexes
   827 | D:4      | Reached skill level 1 in Charms
   827 | D:4      | Reached skill level 1 in Summonings
   827 | D:4      | Reached skill level 1 in Translocations
   827 | D:4      | Reached skill level 1 in Transmutations
   827 | D:4      | Reached skill level 1 in Fire Magic
   827 | D:4      | Reached skill level 1 in Ice Magic
   827 | D:4      | Reached skill level 1 in Air Magic
   827 | D:4      | Reached skill level 1 in Earth Magic
   827 | D:4      | Reached skill level 1 in Poison Magic
   827 | D:4      | Reached XP level 5. HP: 35/38 MP: 8/12
   827 | D:4      | Reached XP level 6. HP: 40/44 MP: 8/13
   847 | D:4      | Found an ancient bone altar of Kikubaaqudgha.
   851 | D:4      | Found an iron altar of Okawaru.
   854 | D:4      | Found a shimmering altar of Xom.
   866 | D:4      | Found a blossoming altar of Fedhas.
   870 | D:4      | Found a glowing drain.
   880 | Sewer    | Entered a sewer
   887 | Sewer    | Reached skill level 2 in Invocations
   911 | Sewer    | Noticed theanonym's ghost (amateur HOMo)
   936 | Sewer    | Killed theanonym's ghost
   936 | Sewer    | Reached skill level 2 in Fighting
   936 | Sewer    | Reached skill level 2 in Short Blades
   936 | Sewer    | Reached skill level 2 in Long Blades
   936 | Sewer    | Reached skill level 2 in Axes
   936 | Sewer    | Reached skill level 2 in Maces & Flails
   936 | Sewer    | Reached skill level 2 in Polearms
   936 | Sewer    | Reached skill level 2 in Staves
   936 | Sewer    | Reached skill level 2 in Slings
   936 | Sewer    | Reached skill level 2 in Bows
   936 | Sewer    | Reached skill level 2 in Crossbows
   936 | Sewer    | Reached skill level 2 in Throwing
   936 | Sewer    | Reached skill level 2 in Armour
   936 | Sewer    | Reached skill level 5 in Dodging
   936 | Sewer    | Reached skill level 2 in Shields
   936 | Sewer    | Reached skill level 2 in Unarmed Combat
   936 | Sewer    | Reached skill level 2 in Evocations
  1010 | Sewer    | Found a white marble altar of Elyvilon.
  1051 | D:5      | Entered Level 5 of the Dungeon
  1092 | D:4      | Reached XP level 7. HP: 30/50 MP: 2/15
  1128 | D:4      | Noticed Natasha
  1143 | D:4      | HP: 2/50 [phantom (8)]
  1192 | D:3      | Found Gozag's Platinum Reserve.
  1192 | D:3      | Found an opulent altar of Gozag.
  1265 | D:3      | Learned a level 4 spell: Animate Dead
  1270 | D:3      | Learned a level 4 spell: Control Undead
  1625 | D:5      | Noticed Edmund
  1665 | D:6      | Reached skill level 2 in Conjurations
  1665 | D:6      | Reached skill level 2 in Hexes
  1665 | D:6      | Reached skill level 2 in Charms
  1665 | D:6      | Reached skill level 2 in Summonings
  1665 | D:6      | Reached skill level 2 in Translocations
  1665 | D:6      | Reached skill level 2 in Transmutations
  1665 | D:6      | Reached skill level 2 in Fire Magic
  1665 | D:6      | Reached skill level 2 in Ice Magic
  1665 | D:6      | Reached skill level 2 in Air Magic
  1665 | D:6      | Reached skill level 2 in Earth Magic
  1665 | D:6      | Reached skill level 2 in Poison Magic
  1676 | D:6      | Shot with an arrow by a centaur

Vault maps used:
D:1:      giann_wishing_wells
D:2:      lemuel_doored_altar, lemuel_zombie_altar_yredelemnul, first_bread,
          kennysheep_generic_room_14
D:3:      nicolae_gozag_zags_fifth_avenue
D:4:      minmay_overflow_temple_star_quad, nicolae_qazlal_eye_of_the_storm,
          cheibrodos_sewer_entry_drain, fedhas_altar_3, uniq_natasha,
          uniq_sigmund, uniq_pikel
D:5:      moated_statue, uniq_crazy_yiuf_cottage, uniq_menkaure, uniq_edmund
D:6:      nicolae_dithmenos_shadow_blocks, serial_shops, shop, glass_columns_b,
          nrook_loot_triangle
Sewer:    sewer_kobolds

Skill      XL: |  1  2  3  4  5  6  7 |
---------------+----------------------+-----
Spellcasting   | 5 |  5.6
Invocations    | 1 2 |  2.7
Fighting       | 1 2 |  2.5
Short Blades   | 1 2 |  2.5
Long Blades    | 1 2 |  2.5
Axes           | 1 2 |  2.5
Maces & Flails | 1 2 |  2.5
Polearms       | 1 2 |  2.5
Staves         | 1 2 |  2.5
Slings         | 1 2 |  2.5
Bows           | 1 2 |  2.5
Crossbows      | 1 2 |  2.5
Throwing       | 1 2 |  2.5
Armour         | 1 2 |  2.5
Shields        | 1 2 |  2.5
Unarmed Combat | 1 2 |  2.5
Evocations     | 1 2 |  2.5
Conjurations   | 1 2 |  2.0
Hexes          | 1 2 |  2.0
Charms         | 1 2 |  2.0
Summonings     | 1 2 |  2.0
Translocations | 1 2 |  2.0
Transmutations | 1 2 |  2.0
Fire Magic     | 1 2 |  2.0
Ice Magic      | 1 2 |  2.0
Air Magic      | 1 2 |  2.0
Earth Magic    | 1 2 |  2.0
Poison Magic   | 1 2 |  2.0
Dodging        | 5 |  5.2
Stealth        | |  4.9
Necromancy     | |  7.4

Action                   |  1- 3 |  4- 6 |  7- 9 || total
-------------------------+-------+-------+-------++-------
Melee: Whip              |     9 |    15 |    12 ||    36
       Hand axe          |       |       |     3 ||     3
       Bite              |       |       |     2 ||     2
 Cast: Pain              |    40 |    40 |    43 ||   123
       Animate Skeleton  |     1 |       |       ||     1
       Vampiric Draining |       |     2 |     1 ||     3
       Control Undead    |       |       |     2 ||     2
       Regeneration      |       |       |     2 ||     2
Evoke: Wand              |     3 |     6 |     1 ||    10
  Use: Potion            |       |     3 |     2 ||     5
       Scroll            |       |     2 |     3 ||     5
  Eat: Chunk             |       |       |     2 ||     2
Armor: Robe              |     3 |       |     2 ||     5
       Skin              |       |    13 |       ||    13
Dodge: Dodged            |     9 |    15 |    29 ||    53

Table legend:
 A = Spawn XP
 B = Non-spawn XP
 C = Spawn XP percentage of total XP
 D = Spawn monster count
 E = Non-spawn monster count
 F = Spawn count percentage of total count
 G = Total turns spent on level
                    A         B        C        D         E        F      G
               +---------+---------+-------+---------+---------+-------+---------
         Total |       0 |     912 |   0.0 |       0 |      82 |   0.0 |  1676
               +---------+---------+-------+---------+---------+-------+---------
           D:1 |       0 |      15 |   0.0 |       0 |      10 |   0.0 |   298
           D:2 |       0 |      67 |   0.0 |       0 |      20 |   0.0 |   452
           D:3 |       0 |      74 |   0.0 |       0 |      21 |   0.0 |   282
           D:4 |       0 |     338 |   0.0 |       0 |      11 |   0.0 |   216
           D:5 |       0 |      66 |   0.0 |       0 |       9 |   0.0 |   234
           D:6 |       0 |      87 |   0.0 |       0 |       1 |   0.0 |    31
         Sewer |       0 |     265 |   0.0 |       0 |      10 |   0.0 |   163
               +---------+---------+-------+---------+---------+-------+---------

Table legend:
 A = Turns spent in this place as a percentage of turns spent in the entire game.
 B = Non-inter-level travel turns spent in this place as a percentage of non-inter-level travel turns spent in the entire game.
 C = Inter-level travel turns spent in this place as a percentage of turns spent in this place.
 D = Turns resting spent in this place as a percentage of non-inter-level travel turns spent in this place.
 E = Turns spent auto-exploring this place as a percentage of non-inter-level travel turns spent in this place.
 F = Non-inter-level travel turns spent in this place divided by the number of levels of this place that you've seen.
                   A       B       C       D       E      F
               +-------+-------+-------+-------+-------+----------------------
         Total | 100.0 | 100.0 |   2.9 |   0.0 |   0.0 | 232.6
       Dungeon |  90.3 |  90.0 |   3.2 |   0.0 |   0.0 | 244.2
         Sewer |   9.7 |  10.0 |   0.0 |   0.0 |   0.0 | 163.0
               +-------+-------+-------+-------+-------+----------------------

Table legend:
 A = Kills in this place as a percentage of kills in entire the game.
 B = Kills by you in this place as a percentage of kills by you in the entire game.
 C = Kills by friends in this place as a percentage of kills by friends in the entire game.
 D = Other kills in this place as a percentage of other kills in the entire game.
 E = Experience gained in this place as a percentage of experience gained in the entire game.
 F = Experience gained in this place divided by the number of levels of this place that you have seen.
                   A       B       C       D       E      F
               +-------+-------+-------+-------+-------+----------------------
         Total | 100.0 | 100.0 | 100.0 |   N/A | 100.0 | 130.3
       Dungeon |  87.8 |  87.2 | 100.0 |   N/A |  70.9 | 107.8
         Sewer |  12.2 |  12.8 |   0.0 |   N/A |  29.1 | 265.0
               +-------+-------+-------+-------+-------+----------------------

Vault maps used:
D:1:      giann_wishing_wells
D:2:      lemuel_doored_altar, lemuel_zombie_altar_yredelemnul, first_bread,
          kennysheep_generic_room_14
D:3:      nicolae_gozag_zags_fifth_avenue
D:4:      minmay_overflow_temple_star_quad, nicolae_qazlal_eye_of_the_storm,
          cheibrodos_sewer_entry_drain, fedhas_altar_3, uniq_natasha,
          uniq_sigmund, uniq_pikel
D:5:      moated_statue, uniq_crazy_yiuf_cottage, uniq_menkaure, uniq_edmund
D:6:      nicolae_dithmenos_shadow_blocks, serial_shops, shop, glass_columns_b,
          nrook_loot_triangle
Sewer:    sewer_kobolds
